 Dungeon Crawl Stone Soup version 0.27-a0-1200-g94dc6ad (webtiles) character file.

Game seed: 17872074300777363514

65 Meow the Stinger (level 4, 36/36 HPs)
             Began as a Naga Venom Mage on May 31, 2021.
             Quit the game on level 2 of the Dungeon.
             The game lasted 00:03:50 (1360 turns).

Meow the Stinger (Naga Venom Mage)                  Turns: 1360, Time: 00:03:50

Health: 36/36      AC:  2    Str: 11    XL:     4   Next: 13%
Magic:  8/8        EV:  9    Int: 16    God:
Gold:   57         SH:  0    Dex: 11    Spells: 2/9 levels left

rFire    . . .     SeeInvis +   a - +2 hunting sling (freeze)
rCold    . . .     Faith    .   (no shield)
rNeg     + . .     Spirit   .   h - +0 robe
rPois    +         Reflect  .   (no helmet)
rElec    .         Harm     .   (no cloak)
rCorr    .         Rampage  .   (no gloves)
Will     .....                  (no barding)
Stlth    ++........             (no amulet)
HPRegen  0.12/turn              c - ring of positive energy
MPRegen  0.11/turn              (no ring)

@: very slow
A: AC +1, large, see invisible, deformed body, poison resistance, slowness 2,
spit poison 1, naga tail 1
a: Spit Poison


You were on level 2 of the Dungeon.
You visited 1 branch of the dungeon, and saw 2 of its levels.

You collected 57 gold pieces.

Inventory:

Hand Weapons
 a - a +2 hunting sling of freezing (weapon)
 b - a +0 short sword
Missiles
 d - 90 stones (quivered ammo)
 e - 49 arrows
Armour
 h - a +0 robe (worn)
Jewellery
 c - a ring of positive energy (left hand)
Scrolls
 g - a scroll of acquirement {unknown}
 j - a scroll of teleportation {unknown}
 k - 2 scrolls of identify {unknown}
 l - a scroll of vulnerability {unknown}
Potions
 f - a potion of heal wounds {unknown}
 i - 2 potions of curing {unknown}
 m - a potion of degeneration {unknown}


   Skills:
 - Level 1.5 Dodging
 - Level 3.0 Stealth
 + Level 3.1 Spellcasting
 + Level 2.4 Conjurations
 - Level 1.0 Transmutations
 - Level 4.0 Poison Magic


You had 2 spell levels left.
You knew the following spells:

 Your Spells              Type           Power      Damage    Failure   Level
a - Sting                 Tmut/Pois      40%        1d5       7%          1
c - Mephitic Cloud        Conj/Pois/Air  9%         N/A       22%         3
C - Ignite Poison         Fire/Tmut/Pois 7%         N/A       28%         3

Your spell library contained the following spells:

 Spells                   Type           Power      Damage    Failure   Level
 Poisonous Vapours        Pois/Air       16%        N/A       12%         2
 Olgreb's Toxic Radiance  Pois           15%        N/A       34%         4


Dungeon Overview and Level Annotations

Branches:
Dungeon (2/15)

Altars:

Shops:
D:2 [


Innate Abilities, Weirdness & Mutations

Your serpentine skin is tough. (AC +1)
You have supernaturally acute eyesight. (SInv)
Armour fits poorly on your strangely shaped body.
Your system is resistant to poisons. (rPois)
You cover ground very slowly.
You can spit poison.
You have a snake-like lower body.


Message History

You start resting.
You have got your breath back.
You start resting.
Your magical contamination has completely faded away.
You start resting.
Magic restored.
You see here an adder corpse.
You open the door.
There is an open door here.
There is an open door here.
Found an escape hatch in the floor.
Found a stone staircase leading down.
An adder comes into view.
Found Toafur's Armour Shoppe.
Fire: 91 stones
Press: ? - help, Q - select action, (/) - cycle Shift-Dir - straight line, f - adder
Aim: an adder (asleep, 98% to hit)
You shoot a stone. The stone hits the adder!
The stone freezes the adder.
The adder is almost dead.
Unknown command.
Press: ? - help, Shift-Dir - straight line, f/p - adder
Aim: an adder (almost dead)
The splash of poison misses the adder.
Casting: Sting (safe; 7% risk of failure)
Confirm with . or Enter, or press ? or * to list all spells.
You can't see any susceptible monsters within range! (Use Z to cast anyway.) Unknown command.
Fire: 90 stones
Press: ? - help, Q - select action, (/) - cycle Shift-Dir - straight line, f/p - adder
Aim: an adder (almost dead, 38% to hit)
You shoot a stone. The stone hits the adder.
The adder seems to slow down.
The stone freezes the adder.
You kill the adder!
You have reached level 4!
You feel stronger.
You have got your breath back.
You now have 57 gold pieces (gained 9).
d - 90 stones (gained 1)
There is an entrance to Toafur's Armour Shoppe here.
Are you sure you want to abandon this character and quit the game? (Confirm with "yes".)

<....#............'.......'......
.....#........#####.......##.####
######........# #.......##.#
..............# #.......##.#
#######.......# #.......##+#
......+.......# ########..
#######.......########### ..
.>...............# .
##...@.......# #...........#
#.$....†....# #...........#
#...........# ###########.## #
#..# # ###########.# ##
#.........#.#


There were no monsters in sight!

Vanquished Creatures
  3 adders (D:2)
  A worm (D:2)
  A dart slug (D:1)
  2 bats (D:1)
  4 endoplasms
  3 goblins
  A hobgoblin (D:1)
  2 jackals (D:2)
  3 quokkas
  5 ball pythons (D:1)
  A frilled lizard (D:1)
  2 kobolds (D:2)
  2 rats (D:1)
30 creatures vanquished.

Notes
Turn   | Place    | Note
-------+----------+-------------------------------------------
     0 | D:1      | Meow the Naga Venom Mage began the quest for the Orb.
     0 | D:1      | Reached XP level 1. HP: 15/15 MP: 3/3
   278 | D:1      | Reached skill level 1 in Conjurations
   278 | D:1      | Reached XP level 2. HP: 22/22 MP: 5/5
   925 | D:2      | Reached XP level 3. HP: 28/28 MP: 6/6
   934 | D:2      | Learned a level 3 spell: Mephitic Cloud
   938 | D:2      | Learned a level 3 spell: Ignite Poison
   991 | D:2      | Found a faded altar of an unknown god.
  1346 | D:2      | Found Toafur's Armour Shoppe.
  1350 | D:2      | Reached XP level 4. HP: 36/36 MP: 8/8
  1360 | D:2      | Quit the game

Illustrated notes

Levels and vault maps discovered:
D:1:      saegor_arrival_under_anarchy, layout_basic, feat_on_display
D:2:      layout_basic, hellmonk_ecumenical_altar_zigzags, serial_shops, shop,
          shop_statue, uniq_terence

Skill      XL: |  1  2  3 |
---------------+----------+-----
Conjurations   | 1 2 |  2.4
Spellcasting   | 3 |  3.1
Dodging        | |  1.5
Stealth        | |  3.0
Transmutations | |  1.0
Poison Magic   | |  4.0

Action                   |  1- 3 |  4- 6 || total
-------------------------+-------+-------++-------
Melee: Short sword       |     1 |       ||     1
 Fire: Hunting sling     |    21 |       ||    21
 Cast: Sting             |    16 |       ||    16
 Abil: Spit Poison       |    22 |       ||    22
Dodge: Dodged            |     7 |       ||     7

Table legend: (Time is in decaauts)
 A = Elapsed time spent in this place.
 B = Non-inter-level travel time spent in this place.
 C = Inter-level travel time spent in this place.
 D = Time resting spent in this place.
 E = Time spent auto-exploring this place.
 F = Levels seen in this place.
 G = Mean time per level.
                   A        B        C        D        E       F      G
               +--------+--------+--------+--------+--------+-----+--------+
         Total |   1739 |   1674 |     65 |    279 |   1196 |   2 |  869.5 |
       Dungeon |   1739 |   1674 |     65 |    279 |   1196 |   2 |  869.5 |
               +--------+--------+--------+--------+--------+-----+--------+

Top non-repeatable levels by time:
     D:1: 1103 daAuts
     D:2: 635 daAuts
